 Dungeon Crawl Stone Soup version 0.21-a0-111-g52d2817 (webtiles) character file.

256 sagitran the Skirmisher (level 5, -12/41 HPs)
             Began as a Demonspawn Abyssal Knight on July 10, 2017.
             Was a Believer of Lugonu.
             Killed by nerve-wracking pain
             ... invoked by Grinder
              (14 damage)
             ... on level 4 of the Dungeon on July 11, 2017.
             The game lasted 00:19:23 (2808 turns).

sagitran the Skirmisher (Demonspawn Abyssal Knight) Turns: 2808, Time: 00:19:24

Health: -12/41     AC:  5    Str: 18    XL:     5   Next: 92%
Magic:  7/7        EV: 15    Int: 18    God:    Lugonu [**....]
Gold:   228        SH:  6    Dex: 13    Spells: 5/7 levels left

rFire    . . .     SeeInvis .   a - +1 spear
rCold    . . .     Gourm    .   (no shield)
rNeg     . . .     Faith    .   p - +0 troll leather armour
rPois    .         Spirit   .   f - +0 helmet
rElec    .         Reflect  .   (no cloak)
rCorr    .         Harm     .   (no gloves)
MR       .....                  (no boots)
Stlth    +.........             (no amulet)
HPRegen  0.53/turn              o - +3 ring of evasion
MPRegen  0.10/turn              (no ring)

@: mighty, brilliant
A: large bone plates 2, demonic guardian 1
a: Depart the Abyss, Bend Space, Renounce Religion


You were on level 4 of the Dungeon.
You worshipped Lugonu.
Lugonu was pleased with you.
You were not hungry.

You visited 1 branch of the dungeon, and saw 5 of its levels.
You visited the Abyss 1 time.

You collected 228 gold pieces.

Inventory:

Hand Weapons
 a - a +1 spear (weapon)
Armour
 f - a +0 helmet (worn)
 p - a +0 troll leather armour (worn)
Jewellery
 o - a +3 ring of evasion (left hand)
Scrolls
 d - a scroll of enchant armour {unknown}
 e - a scroll of blinking {unknown}
 g - a scroll of amnesia
 h - 3 scrolls of identify {unknown}
 i - a scroll of fog {unknown}
 l - 3 scrolls of recharging {unknown}
 m - a scroll of immolation {unknown}
 n - a scroll of noise {unknown}
Books
 j - a book of Cantrips

   Spells                             Type                      Level
   a - Confusing Touch                Hexes                        1
   b - Animate Skeleton               Necromancy                   1
   c - Summon Small Mammal            Summoning                    1
   d - Apportation                    Translocation                1
Comestibles
 c - 2 bread rations


   Skills:
 + Level 3.6 Fighting
 + Level 3.6 Polearms
 + Level 2.6 Armour
 + Level 2.2 Dodging
 + Level 1.5 Spellcasting
 + Level 0.9 Necromancy
 + Level 2.6 Invocations


You had 5 spell levels left.
You knew the following spells:

 Your Spells              Type           Power        Failure   Level  Hunger
a - Animate Skeleton      Necr           N/A          1%          1    ##.....
b - Confusing Touch       Hex            ##....       2%          1    ##.....


Dungeon Overview and Level Annotations

Branches:
Dungeon (5/15)
 Temple: D:4-7

Altars:
Cheibriados
Qazlal
Trog
Vehumet
Yredelemnul

Annotations:
D:2 Robin
D:4 Grinder


Innate Abilities, Weirdness & Mutations

You are mostly covered in large bone plates. (SH +6)
A weak demonic guardian rushes to your aid.


Message History

You hit Grinder but do no damage.
Grinder is almost dead.
Your quasit bites Grinder.
Your quasit claws Grinder but does no damage.
Your quasit claws Grinder.
Grinder gestures at you. Pain shoots through your body!
You closely miss Grinder.
Grinder is almost dead.
Your quasit bites Grinder but does no damage.
Your quasit completely misses Grinder.
Your quasit claws Grinder.
Grinder blinks!
Grinder gestures at you. Pain shoots through your body!
* * * LOW HITPOINT WARNING * * *
It was a potion of might.
You feel very mighty all of a sudden. Grinder gestures at you.
Pain shoots through your body!
You die...

#......≈ #...≈≈.
.. #..≈≈≈ .≈≈
##..≈≈###≈≈≈
#...≈≈≈≈≈≈#≈
#....#≈_>≈≈≈ ..
#$.§.≈≈.8≈#....
#....'≈≈≈≈#...#
#5@..≈≈#≈##...#
#....≈≈≈≈≈....#
###..≈...≈≈......
....5............#
######.......##.
##.##..## #.##.##
#.##.# ####.##.#


You could see Grinder and a friendly quasit.

Vanquished Creatures
  The ghost of hairmachine the Vexing, an amateur SpEn (D:4)
  A worker ant (D:4)
  2 adders (D:3)
  An ooze (D:3)
  A worm (D:3)
  2 dart slugs (D:1)
  2 leopard geckos (D:3)
  5 bats
  7 giant cockroaches
  3 goblins (D:3)
  A hobgoblin (D:1)
  8 jackals (D:2)
  5 kobolds
  2 quokkas
  5 frilled lizards
  7 rats
53 creatures vanquished.

Vanquished Creatures (collateral kills)
  An orc (D:3)
  2 frilled lizards (D:3)
  A goblin (D:3)
  A kobold (D:3)
  A rat (D:3)
6 creatures vanquished.

Grand Total: 59 creatures vanquished

Notes
Turn   | Place    | Note
-------+----------+-------------------------------------------
     0 | Abyss:1  | sagitran the Demonspawn Abyssal Knight began the quest for the Orb.
     0 | Abyss:1  | Reached XP level 1. HP: 18/18 MP: 2/2
    62 | Abyss:1  | Found a burning altar of Makhleb.
    65 | Abyss:1  | Noticed a large abomination
    71 | D:1      | Escaped the Abyss
   428 | D:1      | Found a snail-covered altar of Cheibriados.
   453 | D:1      | Gained mutation: You are partially covered in large bone plates. (SH +4) [demonic ancestry]
   453 | D:1      | Reached XP level 2. HP: 24/24 MP: 3/3
   508 | D:1      | Reached skill level 1 in Dodging
   628 | D:1      | Reached * piety under Lugonu
   789 | D:2      | Found a bloodstained altar of Trog.
   803 | D:2      | Reached XP level 3. HP: 22/29 MP: 4/4
   941 | D:2      | Found a radiant altar of Vehumet.
   948 | D:2      | Found a faded altar of an unknown god.
  1360 | D:2      | Noticed Robin
  1383 | D:2      | You fall through a shaft!
  1596 | D:3      | Learned a level 1 spell: Animate Skeleton
  1598 | D:3      | Learned a level 1 spell: Confusing Touch
  1643 | D:3      | Upgraded the game from 0.21-a0-110-g8e1637b to 0.21-a0-111-g52d2817
  1770 | D:3      | Gained mutation: You are mostly covered in large bone plates. (SH +6) [demonic ancestry]
  1770 | D:3      | Reached XP level 4. HP: 34/35 MP: 5/5
  1894 | D:5      | Entered Level 5 of the Dungeon
  2046 | D:3      | Found a basalt altar of Yredelemnul.
  2724 | D:4      | Noticed hairmachine's ghost (amateur SpEn)
  2762 | D:4      | Killed hairmachine's ghost
  2762 | D:4      | Reached ** piety under Lugonu
  2762 | D:4      | Reached skill level 1 in Spellcasting
  2762 | D:4      | Gained mutation: A weak demonic guardian rushes to your aid. [demonic ancestry]
  2762 | D:4      | Reached XP level 5. HP: 33/41 MP: 5/7
  2781 | D:4      | Found a stormy altar of Qazlal.
  2785 | D:4      | Noticed Grinder
  2807 | D:4      | HP: 2/41 [Grinder/nerve-wracking pain (14)]
  2808 | D:4      | Killed from afar by Grinder

Vault maps used:
D:1:      minmay_arrival_hallway, serial_park_tiny_2, chequers_big_river,
          minmay_misc_feat_four_crosses, kennysheep_flooded_box,
          serial_park_tiny_pond, dk_noncrumbling_4, minmay_tetromino_s2
D:2:      old_standard_altar, overflow_temple_1_default,
          chequers_ecumenical_altar_simple, uniq_robin
D:3:      lemuel_coloured_pillars_altar, first_bread, minmay_misc_feat_tiny
D:4:      temple_doors_cd, nicolae_ossuary_entry_catacombs,
          nicolae_qazlal_general_emergency, uniq_grinder

Skill      XL: |  1  2  3  4 |
---------------+-------------+-----
Polearms       | 2 3 |  3.6
Armour         | 2 |  2.6
Dodging        | 1 2 |  2.2
Spellcasting   | 1 |  1.5
Fighting       | |  3.6
Necromancy     | |  0.9
Invocations    | |  2.6

Action                   |  1- 3 |  4- 6 || total
-------------------------+-------+-------++-------
Melee: Spear             |   175 |    98 ||   273
 Cast: Animate Skeleton  |       |     8 ||     8
Invok: Depart the Abyss  |     1 |       ||     1
  Use: Scroll            |       |     1 ||     1
       Potion            |       |     2 ||     2
 Stab: Distracted        |       |     1 ||     1
  Eat: Bread ration      |     1 |     1 ||     2
Armor: Leather armour    |    43 |       ||    43
       Troll leather arm |       |    15 ||    15
Dodge: Dodged            |   104 |    43 ||   147
Block: Other             |    31 |    16 ||    47
